 Dungeon Crawl Stone Soup version 0.21.1-1-g345015f (webtiles) character file.

130 letownia2 the Insei (level 4, 0/49 HPs)
             Began as a Demonspawn Gladiator on July 14, 2018.
             Succumbed to a killer bee's poison
             ... on level 4 of the Dungeon.
             The game lasted 00:04:37 (711 turns).

letownia2 the Insei (Demonspawn Gladiator)           Turns: 711, Time: 00:04:38

Health: 0/49       AC: 10    Str: 20    XL:     4   Next: 90%
Magic:  4/4        EV: 10    Int:  9    God:
Gold:   91         SH:  0    Dex: 15    Spells: 3/3 levels left

rFire    . . .     SeeInvis .     - Unarmed
rCold    . . .     Gourm    .   (no shield)
rNeg     . . .     Faith    .   k - +0 chain mail
rPois    .         Spirit   .   b - +0 helmet
rElec    .         Reflect  .   p - +0 cloak
rCorr    .         Harm     .   (no gloves)
MR       .....                  (no boots)
Stlth    ..........             (no amulet)
HPRegen  0.16/turn              (no ring)
MPRegen  0.09/turn              (no ring)

@: berserking, lethally poisoned (0 -> -11), very quick
A: powered by death 1, sturdy frame 2
a: no special abilities


You were on level 4 of the Dungeon.
You were not hungry.

You visited 1 branch of the dungeon, and saw 4 of its levels.

You collected 91 gold pieces.

Inventory:

Hand Weapons
 c - a +2 quarterstaff of chaos
 o - a +0 hunting sling
Missiles
 e - 13 poisoned needles
Armour
 b - a +0 helmet (worn)
 j - a +0 ring mail
 k - a +0 chain mail (worn)
 m - a +2 shield
 p - a +0 cloak (worn)
Scrolls
 h - a scroll of enchant armour {unknown}
 l - a scroll of fear {unknown}
 n - a scroll of enchant weapon {unknown}
Potions
 g - a potion of cancellation
 i - a potion of might {unknown}
Comestibles
 a - a chunk of flesh
 d - 3 rations


   Skills:
 - Level 2.0 Fighting
 - Level 1.7 Throwing
 - Level 2.1 Armour
 - Level 2.6 Dodging
 + Level 4.5 Unarmed Combat


You had 3 spell levels left.
You didn't know any spells.

Dungeon Overview and Level Annotations

Branches:
Dungeon (4/15)
 Temple: D:4-7

Altars:

Annotations:
D:3 eyesofgods1's ghost, amateur FoFi


Innate Abilities, Weirdness & Mutations

You regenerate a little health from kills.
Your movements are less encumbered by armour. (ER -4)


Message History

It was a potion of berserk rage.
A red film seems to cover your vision as you go berserk!
You feel yourself moving faster!
You feel mighty!
* * * LOW HITPOINT WARNING * * *
You feel sick. The killer bee barely misses you.
The killer bee stings you but does no damage.
You miss the killer bee.
The killer bee is lightly wounded.
* * * LOW HITPOINT WARNING * * *
You feel sick.
The killer bee stings you but does no damage.
You miss the killer bee.
The killer bee is lightly wounded.
* * * LOW HITPOINT WARNING * * *
You feel sick.
The killer bee stings you but does no damage.
The killer bee completely misses you.
You barely miss the killer bee.
The killer bee is lightly wounded.
You die...

#.+........ .
#........# ..
#.......#
#.##.......#
...........#
#.h.....#+###
#hh.<.......
#y####......
#@# ..... #.#
.... #.# ...
#.# .. #.# .
#.# #.# #.#


You could see a killer bee and 3 jackals.

Vanquished Creatures
  Crazy Yiuf (D:3)
  Natasha (D:3)
  A worker ant (D:3)
  2 adders (D:2)
  2 worms (D:3)
  2 dart slugs (D:2)
  2 orcs (D:3)
  2 ball pythons (D:2)
  A giant cockroach (D:3)
  2 goblins
  3 hobgoblins
  A kobold (D:2)
  A quokka (D:3)
  4 bats (D:2)
  A frilled lizard (D:3)
26 creatures vanquished.

Notes
Turn   | Place    | Note
-------+----------+-------------------------------------------
     0 | D:1      | letownia2 the Demonspawn Gladiator began the quest for the Orb.
     0 | D:1      | Reached XP level 1. HP: 16/16 MP: 1/1
    31 | D:2      | Reached skill level 3 in Unarmed Combat
    43 | D:3      | Noticed eyesofgods1's ghost (amateur FoFi)
    52 | D:2      | Gained mutation: Your movements are slightly less encumbered by armour. (ER -2) [demonic ancestry]
    52 | D:2      | Reached XP level 2. HP: 17/22 MP: 2/2
   229 | D:2      | Gained mutation: Your movements are less encumbered by armour. (ER -4) [demonic ancestry]
   229 | D:2      | Reached XP level 3. HP: 13/27 MP: 3/3
   357 | D:3      | Reached skill level 4 in Unarmed Combat
   490 | D:3      | Found a runed door.
   496 | D:3      | Noticed Crazy Yiuf
   507 | D:3      | Killed Crazy Yiuf
   507 | D:3      | Reached skill level 1 in Armour
   507 | D:3      | Gained mutation: You regenerate a little health from kills. [demonic ancestry]
   507 | D:3      | Reached XP level 4. HP: 18/33 MP: 4/4
   606 | D:3      | Noticed Natasha
   611 | D:3      | Killed Natasha
   709 | D:4      | HP: 2/49 [poisoned by a killer bee]
   711 | D:4      | Succumbed to a killer bee's poison

Skill      XL: |  1  2  3  4 |
---------------+-------------+-----
Unarmed Combat | 3 4 |  4.5
Armour         | 1 2 |  2.1
Fighting       | |  2.0
Throwing       | |  1.7
Dodging        | |  2.6

Action                   |  1- 3 |  4- 6 || total
-------------------------+-------+-------++-------
Melee: Unarmed           |    85 |    52 ||   137
       Punch             |     1 |     1 ||     2
Throw: Throwing net      |     3 |       ||     3
  Use: Potion            |       |     2 ||     2
 Stab: Held in net/web   |     1 |       ||     1
Armor: Leather armour    |     7 |       ||     7
       Ring mail         |    10 |       ||    10
       Chain mail        |     8 |    21 ||    29
Dodge: Dodged            |    47 |    26 ||    73
